EVO
CLEMSON UNIVERSITY TIGERS @ WASHINGTON STATE UNIVERSITY COUGARS
11/08/2049
 
TOP OF THE 1ST
Washington State University Cougars batting - Pitching for University of California Golden Bears : RHP Phil McLaughlin
Pitching: RHP Phil McLaughlin
Batting: LHB David Jackson 0-0: Fly out, F9 (Line Drive, 9, EV 96.9 MPH)
Batting: RHB Rafael Collyer 0-0: Foul Ball, location: 2F
0-1: Called Strike
0-2: Ground out 6-3 (Groundball, 6S, EV 86.9 MPH)
Batting: LHB Scott Spillers 0-0: Called Strike
0-1: Ball
1-1: Called Strike
1-2: Ball
2-2: Ground out U3 (Groundball, 3L, EV 86.9 MPH)
Top of the 1st over - 0 runs, 0 hits, 0 errors, 0 left on base; Washington State University 0 - University of California 0
BOTTOM OF THE 1ST
University of California Golden Bears batting - Pitching for Washington State University Cougars : RHP Danny Whitfield
Pitching: RHP Danny Whitfield
Batting: RHB Mike Trueblood 0-0: Ground out 6-3 (Groundball, 6, EV 87.5 MPH)
Batting: LHB Carlos Gaona 0-0: Called Strike
0-1: Foul Ball, location: 2F
0-2: Ball
1-2: SINGLE (Line Drive, 7S, EV 90.6 MPH)
Batting: RHB Ivan Rivera 0-0: Called Strike
0-1: Ball
1-1: Fly out, F6 (Line Drive, 6M, EV 68.1 MPH)
Batting: RHB Nate Mahon 0-0: Fielders Choice at 2nd, U6 (Groundball, 4MD, EV 86.9 MPH)
Bottom of the 1st over - 0 runs, 1 hit, 0 errors, 1 left on base; Washington State University 0 - University of California 0
TOP OF THE 2ND
Washington State University Cougars batting - Pitching for University of California Golden Bears : RHP Phil McLaughlin
Batting: SHB Juan Delanoval 0-0: Foul Ball, location: 2F
0-1: Foul Ball, location: 2F
0-2: Foul Ball, location: 2F
0-2: Strikes out looking
Batting: LHB Israel Ariza 0-0: Swinging Strike
0-1: Ball
1-1: Ball
2-1: Foul Ball, location: 2F
2-2: Strikes out swinging
Batting: RHB Miguel Paredes 0-0: Ball
1-0: Swinging Strike
1-1: Ball
2-1: Ground out 4-3 (Groundball, 4, EV 87.5 MPH)
Top of the 2nd over - 0 runs, 0 hits, 0 errors, 0 left on base; Washington State University 0 - University of California 0
BOTTOM OF THE 2ND
University of California Golden Bears batting - Pitching for Washington State University Cougars : RHP Danny Whitfield
Batting: RHB Steve Kirby 0-0: Ball
1-0: Swinging Strike
1-1: Foul Ball, location: 2F
1-2: Foul Ball, location: 2F
1-2: Foul Ball, location: 2F
1-2: Foul Ball, location: 2F
1-2: Ground out 6-3 (Groundball, 6S, EV 88.1 MPH)
Batting: LHB Luis Orellana 0-0: Foul Ball, location: 2F
0-1: Ball
1-1: Ball
2-1: Foul Ball, location: 2F
2-2: Ball
3-2: Foul Ball, location: 2F
3-2: SINGLE (Line Drive, 5D, EV 94.4 MPH)
Batting: RHB Shawn Jansen 0-0: Foul Ball, location: 2F
0-1: Ball
1-1: Called Strike
1-2: Strikes out looking
Batting: RHB Ahmed Elezi 0-0: Ball
1-0: Called Strike
1-1: Ball
2-1: Called Strike
Luis Orellana steals 2nd base
2-2: Ball
3-2: Foul Ball, location: 2F
3-2: Base on Balls
Batting: RHB Juan Debayle 0-0: Called Strike
0-1: Called Strike
0-2: DOUBLE (Flyball, 78D, EV 100.6 MPH)
Luis Orellana scores
Ahmed Elezi to third
Batting: RHB Mike Trueblood 0-0: Ball
1-0: Called Strike
1-1: Ground out 5-3 (Groundball, 56, EV 107.5 MPH)
Bottom of the 2nd over - 1 run, 2 hits, 0 errors, 2 left on base; Washington State University 0 - University of California 1
TOP OF THE 3RD
Washington State University Cougars batting - Pitching for University of California Golden Bears : RHP Phil McLaughlin
Batting: LHB Rex Creswell 0-0: Ball
1-0: Called Strike
1-1: Foul Ball, location: 2F
1-2: Fly out, F4 (Popup, 4, EV 80.0 MPH)
Batting: RHB Ryan Toth 0-0: Ball
1-0: DOUBLE (Line Drive, 89D, EV 103.8 MPH)
Batting: RHB Joe Weber 0-0: Swinging Strike
0-1: Ball
1-1: Ball
2-1: Ball
3-1: Fly out, F8 (Flyball, 8LD, EV 100.6 MPH)
Batting: LHB David Jackson 0-0: Ball
Wild Pitch!
Ryan Toth to third
1-0: Ball
2-0: Called Strike
2-1: Ball
3-1: Called Strike
3-2: Ground out 6-3 (Groundball, 6, EV 86.9 MPH)
Top of the 3rd over - 0 runs, 1 hit, 0 errors, 1 left on base; Washington State University 0 - University of California 1
BOTTOM OF THE 3RD
University of California Golden Bears batting - Pitching for Washington State University Cougars : RHP Danny Whitfield
Batting: LHB Carlos Gaona 0-0: Ball
1-0: Ball
2-0: Foul Ball, location: 2F
2-1: SINGLE (Groundball, 34D, EV 98.1 MPH)
Batting: RHB Ivan Rivera 0-0: Fly out, F4 (Popup, 4, EV 57.5 MPH)
Batting: RHB Nate Mahon 0-0: Foul Ball, location: 2F
0-1: DOUBLE (Flyball, 8RD, EV 82.5 MPH)
Carlos Gaona to third
Runner from 3rd tries for Home, SAFE, throw by CF to home
Batting: RHB Steve Kirby 0-0: Ball
1-0: Foul Ball, location: 2F
1-1: Ground out 6-3 (Groundball, 6, EV 80.6 MPH)
Batting: LHB Luis Orellana 0-0: Ball
1-0: Foul Ball, location: 2F
1-1: Swinging Strike
1-2: Strikes out looking
Bottom of the 3rd over - 1 run, 2 hits, 0 errors, 1 left on base; Washington State University 0 - University of California 2
TOP OF THE 4TH
Washington State University Cougars batting - Pitching for University of California Golden Bears : RHP Phil McLaughlin
Batting: RHB Rafael Collyer 0-0: Called Strike
0-1: Ball
1-1: Ground out U3 (Groundball, 34S, EV 85.6 MPH)
Batting: LHB Scott Spillers 0-0: Ball
1-0: Foul Ball, location: 2F
1-1: Ball
2-1: Ball
3-1: Foul Ball, location: 2F
3-2: Base on Balls
Batting: SHB Juan Delanoval 0-0: Called Strike
0-1: Ball
1-1: Ball
2-1: Swinging Strike
2-2: Strikes out looking
Batting: LHB Israel Ariza 0-0: Called Strike
Scott Spillers steals 2nd base
0-1: Called Strike
0-2: Ball
1-2: Fly out, F8 (Flyball, 8LM, EV 93.8 MPH)
Top of the 4th over - 0 runs, 0 hits, 0 errors, 1 left on base; Washington State University 0 - University of California 2
BOTTOM OF THE 4TH
University of California Golden Bears batting - Pitching for Washington State University Cougars : RHP Danny Whitfield
Batting: RHB Shawn Jansen 0-0: Called Strike
0-1: Foul Ball, location: 2F
0-2: Ball
1-2: Foul Ball, location: 2F
1-2: Foul Ball, location: 2F
1-2: Ball
2-2: Strikes out swinging
Batting: RHB Ahmed Elezi 0-0: Called Strike
0-1: Foul Ball, location: 2F
0-2: Ground out 5-3 (Groundball, 56S, EV 86.9 MPH)
Batting: RHB Juan Debayle 0-0: Swinging Strike
0-1: Fly out, F7 (Flyball, 7LM, EV 88.1 MPH)
Bottom of the 4th over - 0 runs, 0 hits, 0 errors, 0 left on base; Washington State University 0 - University of California 2
TOP OF THE 5TH
Washington State University Cougars batting - Pitching for University of California Golden Bears : RHP Phil McLaughlin
Batting: RHB Miguel Paredes 0-0: Ball
1-0: Ball
2-0: Foul Ball, location: 2F
2-1: Called Strike
2-2: Ball
3-2: Foul Ball, location: 2F
3-2: Ground out 6-3 (Groundball, 6, EV 85.6 MPH)
Batting: LHB Rex Creswell 0-0: Called Strike
0-1: Ball
1-1: Ball
2-1: Foul Ball, location: 2F
2-2: Strikes out swinging
Batting: RHB Ryan Toth 0-0: Reached on error, E5 (Groundball, 56, EV 89.4 MPH)
Batting: RHB Joe Weber 0-0: Foul Ball, location: 2F
0-1: Ball
1-1: Ball
Ryan Toth steals 2nd base
2-1: Foul Ball, location: 2F
2-2: Hit by Pitch
Pitching: LHP Adam Gavel
Batting: LHB David Jackson 0-0: Ground out U3 (Groundball, 34, EV 105.0 MPH)
Top of the 5th over - 0 runs, 0 hits, 1 error, 2 left on base; Washington State University 0 - University of California 2
BOTTOM OF THE 5TH
University of California Golden Bears batting - Pitching for Washington State University Cougars : RHP Danny Whitfield
Batting: RHB Mike Trueblood 0-0: Ball
1-0: Called Strike
1-1: Ball
2-1: Ball
3-1: Called Strike
3-2: Strikes out looking
Batting: LHB Carlos Gaona 0-0: Foul Ball, location: 2F
0-1: Ball
1-1: Called Strike
1-2: SINGLE (Groundball, 34D, EV 99.4 MPH)
Pitching: RHP Jose Flores
Batting: RHB Ivan Rivera 0-0: Called Strike
0-1: Ball
1-1: DOUBLE (Line Drive, 8LXD, EV 106.9 MPH)
Carlos Gaona to third
Batting: RHB Nate Mahon 0-0: Ball
1-0: Ball
2-0: Foul Ball, location: 2F
2-1: Ground out 5-3 (Groundball, 5, EV 83.1 MPH)
Batting: RHB Steve Kirby 0-0: Called Strike
0-1: Ball
1-1: Called Strike
1-2: Foul Ball, location: 2F
1-2: Strikes out swinging
Bottom of the 5th over - 0 runs, 2 hits, 0 errors, 2 left on base; Washington State University 0 - University of California 2
TOP OF THE 6TH
Washington State University Cougars batting - Pitching for University of California Golden Bears : LHP Adam Gavel
Batting: RHB Rafael Collyer 0-0: Ball
1-0: Ground out 4-3 (Groundball, 4, EV 85.0 MPH)
Batting: LHB Scott Spillers 0-0: Called Strike
0-1: Swinging Strike
0-2: Ball
1-2: Foul Ball, location: 2F
1-2: Ball
2-2: Ball
3-2: Foul Ball, location: 2F
3-2: Foul Ball, location: 2F
3-2: SOLO HOME RUN (Flyball, 9D, EV 98.1 MPH), Distance : 370 ft
Batting: SHB Juan Delanoval 0-0: Ball
1-0: Called Strike
1-1: Called Strike
1-2: SINGLE (Groundball, 56D, EV 96.2 MPH)
Batting: LHB Israel Ariza 0-0: Called Strike
0-1: Ball
1-1: Called Strike
1-2: Strikes out swinging
Batting: RHB Miguel Paredes 0-0: Ball
1-0: Swinging Strike
1-1: Foul Ball, location: 2F
1-2: Foul Ball, location: 2F
1-2: Strikes out swinging
Top of the 6th over - 1 run, 2 hits, 0 errors, 1 left on base; Washington State University 1 - University of California 2
BOTTOM OF THE 6TH
University of California Golden Bears batting - Pitching for Washington State University Cougars : RHP Jose Flores
Batting: LHB Luis Orellana 0-0: Called Strike
0-1: Swinging Strike
0-2: SINGLE (Groundball, 4MD, EV 106.2 MPH)
Batting: RHB Shawn Jansen 0-0: Ball
1-0: Ball
2-0: Ball
3-0: Called Strike
3-1: Called Strike
3-2: Foul Ball, location: 2F
3-2: Strikes out swinging
Luis Orellana is caught stealing 2nd base 2-4
Batter strikes out.
Batting: RHB Ahmed Elezi 0-0: Called Strike
0-1: Ball
1-1: Ball
2-1: Ball
3-1: Base on Balls
Pitching: RHP Bob Donovan
Batting: RHB Juan Debayle 0-0: Called Strike
0-1: Called Strike
0-2: Fly out, F9 (Line Drive, 9, EV 111.2 MPH)
Bottom of the 6th over - 0 runs, 1 hit, 0 errors, 1 left on base; Washington State University 1 - University of California 2
TOP OF THE 7TH
Washington State University Cougars batting - Pitching for University of California Golden Bears : LHP Adam Gavel
Pitching: LHP Jimmy Bolton
Batting: LHB Rex Creswell 0-0: Called Strike
0-1: Called Strike
0-2: Ground out 4-3 (Groundball, 4M, EV 84.4 MPH)
Batting: RHB Ryan Toth 0-0: Swinging Strike
0-1: Ball
1-1: Ball
2-1: Called Strike
2-2: Foul Ball, location: 2F
2-2: Ground out 6-3 (Groundball, 6, EV 85.6 MPH)
Batting: RHB Joe Weber 0-0: Foul Ball, location: 2F
0-1: Ball
1-1: Foul Ball, location: 2F
1-2: Ball
2-2: Foul Ball, location: 2F
2-2: Ball
3-2: Ground out 6-3 (Groundball, 6, EV 87.5 MPH)
Top of the 7th over - 0 runs, 0 hits, 0 errors, 0 left on base; Washington State University 1 - University of California 2
BOTTOM OF THE 7TH
University of California Golden Bears batting - Pitching for Washington State University Cougars : RHP Bob Donovan
Batting: RHB Mike Trueblood 0-0: Called Strike
0-1: Called Strike
0-2: Ball
1-2: Fly out, F7 (Flyball, 7, EV 91.9 MPH)
Batting: LHB Carlos Gaona 0-0: Foul Ball, location: 2F
0-1: Swinging Strike
0-2: Foul Ball, location: 2F
0-2: Ball
1-2: Strikes out swinging
Batting: RHB Ivan Rivera 0-0: Ball
1-0: Ball
2-0: Ball
3-0: Base on Balls
Batting: RHB Nate Mahon 0-0: Fly out, F7 (Flyball, 7LMF, EV 90.0 MPH)
Bottom of the 7th over - 0 runs, 0 hits, 0 errors, 1 left on base; Washington State University 1 - University of California 2
TOP OF THE 8TH
Washington State University Cougars batting - Pitching for University of California Golden Bears : LHP Jimmy Bolton
Pitching: LHP Chad Torres
Batting: LHB David Jackson 0-0: Ball
1-0: Ball
2-0: Foul Ball, location: 2F
2-1: Ball
3-1: Called Strike
3-2: Base on Balls
Batting: RHB Rafael Collyer 0-0: Ball
1-0: Ball
2-0: Sac Bunt to P - play at second, runner safe!
Batting: LHB Scott Spillers 0-0: Fly out, F8 (Flyball, 8LM, EV 91.2 MPH)
Batting: SHB Juan Delanoval 0-0: Called Strike
0-1: Swinging Strike
0-2: Strikes out swinging
Batting: LHB Israel Ariza 0-0: Ball
1-0: Called Strike
1-1: Foul Ball, location: 2F
1-2: Ball
2-2: SINGLE (Line Drive, 7S, EV 97.5 MPH)
David Jackson to third
Rafael Collyer to second
Runner from 3rd tries for Home, SAFE, throw by LF to home
Batting: RHB Miguel Paredes 0-0: Ball
1-0: Foul Ball, location: 2F
1-1: Ball
2-1: Foul Ball, location: 2F
2-2: Foul Ball, location: 2F
2-2: Strikes out swinging
Top of the 8th over - 1 run, 1 hit, 0 errors, 2 left on base; Washington State University 2 - University of California 2
BOTTOM OF THE 8TH
University of California Golden Bears batting - Pitching for Washington State University Cougars : RHP Bob Donovan
Pitching: RHP Randolph Batten
Pinch Hitting: LHB Pavla Markianov 0-0: Ball
1-0: Ball
2-0: Called Strike
2-1: Ball
3-1: Base on Balls
Batting: LHB Luis Orellana 0-0: Fielders Choice at 2nd, 3-6 (Groundball, 34, EV 91.2 MPH)
Batting: RHB Shawn Jansen 0-0: Ball
1-0: Ball
2-0: Grounds into double play, 6-4-3 (Groundball, 56, EV 83.8 MPH)
Bottom of the 8th over - 0 runs, 0 hits, 0 errors, 0 left on base; Washington State University 2 - University of California 2
TOP OF THE 9TH
Washington State University Cougars batting - Pitching for University of California Golden Bears : LHP Chad Torres
Pitching: RHP Steve Clothier
Now in RF: Nick Jansen
Batting: LHB Rex Creswell 0-0: Called Strike
0-1: Ball
1-1: Called Strike
1-2: Ball
2-2: Strikes out swinging
Batting: RHB Ryan Toth 0-0: Called Strike
0-1: Fly out, F8 (Flyball, 78M, EV 90.0 MPH)
Pinch Hitting: RHB Wil Gonzales 0-0: Ball
1-0: Swinging Strike
1-1: Ball
2-1: Ball
3-1: Called Strike
3-2: Base on Balls
Batting: LHB David Jackson 0-0: Called Strike
0-1: Swinging Strike
0-2: Foul Ball, location: 2F
0-2: Ball
1-2: Ball
2-2: Strikes out swinging
Top of the 9th over - 0 runs, 0 hits, 0 errors, 1 left on base; Washington State University 2 - University of California 2
BOTTOM OF THE 9TH
University of California Golden Bears batting - Pitching for Washington State University Cougars : RHP Randolph Batten
Pitching: LHP Scott Purcell
Now at C: Dave DeLaMater
Batting: RHB Ahmed Elezi 0-0: Ball
1-0: Called Strike
1-1: Fly out, F8 (Flyball, 8LXD, EV 93.1 MPH)
Batting: RHB Juan Debayle 0-0: Ball
1-0: Called Strike
1-1: Ball
2-1: Called Strike
2-2: Foul Ball, location: 2F
2-2: Foul Ball, location: 2F
2-2: Ball
3-2: DOUBLE (Groundball, 3L, EV 96.2 MPH)
Batting: RHB Mike Trueblood 0-0: Intentional Walk
Batting: LHB Carlos Gaona 0-0: Ball
1-0: Ball
2-0: Called Strike
2-1: Ball
3-1: Foul Ball, location: 2F
3-2: Base on Balls
Juan Debayle to third
Mike Trueblood to second
Batting: RHB Ivan Rivera 0-0: Called Strike
0-1: Called Strike
0-2: Fly out, F3 (Popup, 3F, EV 67.5 MPH)
Batting: RHB Nate Mahon 0-0: Fly out, F8 (Flyball, 8RM, EV 84.4 MPH)
Bottom of the 9th over - 0 runs, 1 hit, 0 errors, 3 left on base; Washington State University 2 - University of California 2
TOP OF THE 10TH
Washington State University Cougars batting - Pitching for University of California Golden Bears : RHP Steve Clothier
Batting: RHB Rafael Collyer 0-0: SINGLE (Groundball, 5S, EV 71.2 MPH) (infield hit)
Batting: LHB Scott Spillers 0-0: Ball
Rafael Collyer steals 2nd base
1-0: Ball
Rafael Collyer steals 3rd base
2-0: Swinging Strike
2-1: DOUBLE (Flyball, 8LXD, EV 103.8 MPH)
Rafael Collyer scores
Pitching: RHP Luis Lopez
Batting: SHB Juan Delanoval 0-0: Ball
1-0: Foul Ball, location: 2F
1-1: Swinging Strike
1-2: Strikes out swinging
Batting: LHB Israel Ariza 0-0: Intentional Walk
Batting: RHB Miguel Paredes 0-0: Foul Ball, location: 2F
0-1: Ball
1-1: Swinging Strike
1-2: Foul Ball, location: 2F
1-2: Ball
2-2: Strikes out swinging
Batting: LHB Rex Creswell 0-0: Ball
1-0: Ground out 1-3 (Groundball, 15S, EV 70.6 MPH)
Top of the 10th over - 1 run, 2 hits, 0 errors, 2 left on base; Washington State University 3 - University of California 2
BOTTOM OF THE 10TH
University of California Golden Bears batting - Pitching for Washington State University Cougars : LHP Scott Purcell
Pitching: RHP Arthur Scholten
Batting: SHB Nick Jansen 0-0: Ball
1-0: Ground out 5-3 (Groundball, 5L, EV 105.0 MPH)
Batting: LHB Luis Orellana 0-0: Ball
1-0: Foul Ball, location: 2F
1-1: DOUBLE (Groundball, 5L, EV 103.8 MPH)
Batting: RHB Shawn Jansen 0-0: Foul Ball, location: 2F
0-1: Called Strike
0-2: Ball
1-2: Ball
2-2: Strikes out swinging
Batting: RHB Ahmed Elezi 0-0: Called Strike
0-1: Ball
1-1: Ball
2-1: Ball
3-1: Base on Balls
Batting: RHB Juan Debayle 0-0: Fielders Choice at 2nd, U4 (Groundball, 4M, EV 99.4 MPH)
Bottom of the 10th over - 0 runs, 1 hit, 0 errors, 2 left on base; Washington State University 3 - University of California 2
Sunday, July 16th , 2023 - OOTP Baseball 24.6 Build 69